 Dungeon Crawl Stone Soup version 0.25.1-8-g42b30a86e7 (webtiles) character file.

Game seed: 9576703158750159289

163 Azimut41r the Charlatan (level 5, -7/41 HPs)
             Began as a Gnoll Artificer on Dec 14, 2020.
             Blown up by Ijyb (12 damage)
             ... with a disintegration bolt
             ... on level 3 of the Dungeon.
             The game lasted 00:19:08 (3247 turns).

Azimut41r the Charlatan (Gnoll Artificer)           Turns: 3247, Time: 00:19:08

Health: -7/41      AC: 10    Str: 14    XL:     5   Next: 44%
Magic:  10/10      EV:  7    Int: 15    God:
Gold:   143        SH:  4    Dex: 15    Spells: 6/6 levels left

rFire    . . .     SeeInvis .   h - +2 dagger (speed)
rCold    . . .     Gourm    .   v - +0 buckler
rNeg     . . .     Faith    .   l - +0 chain mail
rPois    .         Spirit   .   t - +1 hat
rElec    .         Reflect  .   (no cloak)
rCorr    .         Harm     .   w - +0 pair of gloves
MR       .....                  (no boots)
Stlth    ..........             (no amulet)
HPRegen  0.13/turn              (no ring)
MPRegen  0.12/turn              (no ring)

@: no status effects
A: distributed training, fangs 1, strong nose
a: no special abilities


You were on level 3 of the Dungeon.
You were hungry.

You visited 1 branch of the dungeon, and saw 3 of its levels.

You collected 143 gold pieces.

Inventory:

Hand Weapons
 a - a +0 short sword
 h - a +2 dagger of speed (weapon)
 s - a +0 dagger of venom
Missiles
 g - 102 sling bullets
 u - 25 bolts
Armour
 b - a +0 leather armour
 k - a +0 leather armour
 l - a +0 chain mail (worn)
 t - a +1 hat (worn)
 v - a +0 buckler (worn)
 w - a +0 pair of gloves (worn)
Wands
 c - a wand of flame (15)
 d - a wand of enslavement (15)
 e - a wand of random effects (15)
Scrolls
 o - a scroll of remove curse
 x - a scroll of identify
Potions
 i - a potion of lignification {unknown}
 j - a potion of flight {unknown}
 m - a potion of ambrosia {unknown}
 p - a potion of resistance {unknown}
 q - 2 potions of might {unknown}
Comestibles
 f - 6 rations


   Skills:
 + Level 3.0 Fighting
 + Level 3.0 Short Blades
 + Level 1.4 Long Blades
 + Level 1.4 Axes
 + Level 1.4 Maces & Flails
 + Level 1.4 Polearms
 + Level 1.4 Staves
 + Level 1.4 Slings
 + Level 1.4 Bows
 + Level 1.4 Crossbows
 + Level 1.4 Throwing
 + Level 1.4 Armour
 + Level 4.8 Dodging
 + Level 2.7 Stealth
 + Level 1.4 Shields
 + Level 1.4 Unarmed Combat
 + Level 1.4 Spellcasting
 + Level 1.1 Conjurations
 + Level 1.1 Hexes
 + Level 1.1 Charms
 + Level 1.1 Summonings
 + Level 1.1 Necromancy
 + Level 1.1 Translocations
 + Level 1.1 Transmutations
 + Level 1.1 Fire Magic
 + Level 1.1 Ice Magic
 + Level 1.1 Air Magic
 + Level 1.1 Earth Magic
 + Level 1.1 Poison Magic
 + Level 1.6 Invocations
 + Level 6.7 Evocations


You had 6 spell levels left.
You didn't know any spells.
Your spell library was empty.

Dungeon Overview and Level Annotations

Branches:
Dungeon (3/15)

Altars:
Qazlal
Xom

Annotations:
D:3 Ijyb


Innate Abilities, Weirdness & Mutations

Your experience applies equally to all skills.
You have very sharp teeth.
Your uncanny sense of smell can sniff out nearby items.


Message History

You block Ijyb's attack.
You closely miss Ijyb.
Ijyb is severely wounded.
Ijyb barely misses you.
You closely miss Ijyb.
Ijyb is severely wounded.
You hit Ijyb but do no damage. You bite Ijyb, but do no damage.
Ijyb is severely wounded.
Ijyb zaps a wand.
You are blasted!
* * * LOW HITPOINT WARNING * * *
You hit Ijyb but do no damage.
Ijyb is severely wounded.
Your chain mail prevents you from hitting Ijyb.
Ijyb is severely wounded.
Ijyb hits you with a +0 dagger.
* * * LOW HITPOINT WARNING * * *
You closely miss Ijyb. You bite Ijyb, but do no damage.
Ijyb is severely wounded.
Ijyb zaps a wand.
You are blasted!
You die...

### #.##.# .# #.## ### ##
#.##.# .# .#.### ##... ..##
#.##.# ###..###...###..#
#.##.# .#.###E#...#E##.##
#.##.#
#.######...###...###.##.#
#.# #.................<.#
..#
#...._.......###..........
..#
#.........#g@.#######..##.
#.######...######.# ..#
#.##.#E#...#E# #.# .#
[....###...######.#######..#
..##.#####................ #
#.....###..######.#######.
...........<.####.#######.
##........................
..##...###.##.###.########


You could see Ijyb.

Vanquished Creatures
  An orc wizard (D:3)
  3 adders
  An adder zombie (D:3)
  2 worms (D:3)
  6 dart slugs
  3 leopard geckos
  4 orcs (D:3)
  2 ball pythons
  5 giant cockroaches
  8 hobgoblins
  3 jackals (D:1)
  A quokka (D:2)
  13 bats
  4 frilled lizards
  10 goblins
  13 kobolds
  3 rats
82 creatures vanquished.

Notes
Turn   | Place    | Note
-------+----------+-------------------------------------------
     0 | D:1      | Azimut41r the Gnoll Artificer began the quest for the Orb.
     0 | D:1      | Reached XP level 1. HP: 17/17 MP: 4/4
   130 | D:1      | Reached XP level 2. HP: 7/23 MP: 6/6
   564 | D:1      | Reached XP level 3. HP: 25/28 MP: 7/7
   932 | D:1      | Reached skill level 1 in Invocations
  1145 | D:2      | Reached skill level 1 in Long Blades
  1145 | D:2      | Reached skill level 1 in Axes
  1145 | D:2      | Reached skill level 1 in Maces & Flails
  1145 | D:2      | Reached skill level 1 in Polearms
  1145 | D:2      | Reached skill level 1 in Staves
  1145 | D:2      | Reached skill level 1 in Slings
  1145 | D:2      | Reached skill level 1 in Bows
  1145 | D:2      | Reached skill level 1 in Crossbows
  1145 | D:2      | Reached skill level 1 in Throwing
  1145 | D:2      | Reached skill level 1 in Armour
  1145 | D:2      | Reached skill level 1 in Shields
  1145 | D:2      | Reached skill level 1 in Unarmed Combat
  1145 | D:2      | Reached skill level 1 in Spellcasting
  1193 | D:2      | Reached XP level 4. HP: 31/34 MP: 8/8
  1335 | D:2      | Found a shimmering altar of Xom.
  1882 | D:3      | Found a stormy altar of Qazlal.
  1889 | D:3      | Noticed Ijyb
  1987 | D:3      | Reached skill level 1 in Conjurations
  1987 | D:3      | Reached skill level 1 in Hexes
  1987 | D:3      | Reached skill level 1 in Charms
  1987 | D:3      | Reached skill level 1 in Summonings
  1987 | D:3      | Reached skill level 1 in Necromancy
  1987 | D:3      | Reached skill level 1 in Translocations
  1987 | D:3      | Reached skill level 1 in Transmutations
  1987 | D:3      | Reached skill level 1 in Fire Magic
  1987 | D:3      | Reached skill level 1 in Ice Magic
  1987 | D:3      | Reached skill level 1 in Air Magic
  1987 | D:3      | Reached skill level 1 in Earth Magic
  1987 | D:3      | Reached skill level 1 in Poison Magic
  2264 | D:3      | Reached XP level 5. HP: 32/40 MP: 9/9
  2414 | D:3      | Found a faded altar of an unknown god.
  2796 | D:3      | Noticed an air elemental
  2797 | D:3      | Noticed a water elemental
  2797 | D:3      | Noticed a fire elemental
  3247 | D:3      | Blown up by Ijyb

Illustrated notes

Levels and vault maps discovered:
D:1:      co_arrival_random_square_maze, layout_basic
D:2:      layout_loops_cross, xom_teletrap_fun, serial_glass, glass_columns_c,
          glass_columns_a
D:3:      layout_loops_ring, nicolae_qazlal_style_of_elements,
          chequers_ecumenical_altar_island, portal_sewer_entry_e,
          hangedman_decor_lopped, uniq_ijyb

Skill      XL: |  1  2  3  4  5 |
---------------+----------------+-----
Invocations    | 1 |  1.6
Long Blades    | 1 |  1.4
Axes           | 1 |  1.4
Maces & Flails | 1 |  1.4
Polearms       | 1 |  1.4
Staves         | 1 |  1.4
Slings         | 1 |  1.4
Bows           | 1 |  1.4
Crossbows      | 1 |  1.4
Throwing       | 1 |  1.4
Armour         | 1 |  1.4
Shields        | 1 |  1.4
Unarmed Combat | 1 |  1.4
Spellcasting   | 1 |  1.4
Conjurations   | 1 |  1.1
Hexes          | 1 |  1.1
Charms         | 1 |  1.1
Summonings     | 1 |  1.1
Necromancy     | 1 |  1.1
Translocations | 1 |  1.1
Transmutations | 1 |  1.1
Fire Magic     | 1 |  1.1
Ice Magic      | 1 |  1.1
Air Magic      | 1 |  1.1
Earth Magic    | 1 |  1.1
Poison Magic   | 1 |  1.1
Fighting       | 3 |  3.0
Short Blades   | 3 |  3.0
Dodging        | |  4.8
Stealth        | |  2.7
Evocations     | |  6.7

Action                   |  1- 3 |  4- 6 || total
-------------------------+-------+-------++-------
Melee: Short sword       |    47 |       ||    47
       Bite              |    22 |    26 ||    48
       Dagger            |   108 |   276 ||   384
  Use: Scroll            |     2 |     4 ||     6
 Stab: Sleeping          |     1 |       ||     1
       Distracted        |     1 |       ||     1
  Eat: Chunk             |     1 |     6 ||     7
Armor: Leather armour    |    15 |       ||    15
       Chain mail        |    30 |    79 ||   109
Dodge: Dodged            |    77 |    61 ||   138
Block: Buckler           |       |     8 ||     8
